TOP OF THE 1ST |
Baltimore Orioles batting - Pitching for Texas Rangers : RHP Pascual Perez
|
Pitching: RHP Pascual Perez
|
|
Batting: SHB Willie McGee
|
0-0: Ball 1-0: Ground out U3 (Groundball, 3, EV 84.4 MPH)
|
Batting: RHB Ron Cey
|
0-0: Called Strike 0-1: Ball 1-1: Ball 2-1: Fly out, F9 (Line Drive, 9, EV 92.5 MPH)
|
Batting: LHB Fred Lynn
|
0-0: Ground out 5-3 (Groundball, 5S, EV 83.1 MPH)
|
Top of the 1st over - 0 runs, 0 hits, 0 errors, 0 left on base; Baltimore 0 - Texas 0 |
BOTTOM OF THE 1ST |
Texas Rangers batting - Pitching for Baltimore Orioles : LHP Roy Sheldon
|
Pitching: LHP Roy Sheldon
|
|
Batting: RHB George Bjorkman
|
0-0: Called Strike 0-1: Ball 1-1: Ground out 1-3 (Groundball, 34S, EV 62.5 MPH)
|
Batting: RHB Juan Samuel
|
0-0: Ball 1-0: Ball 2-0: Foul Ball, location: 2F 2-1: Ball 3-1: Swinging Strike 3-2: Foul Ball, location: 2F 3-2: SINGLE (Line Drive, 7S, EV 86.3 MPH)
|
Batting: RHB Bill Melton
|
0-0: Ball 1-0: Ball 2-0: Foul Ball, location: 2F 2-1: Foul Ball, location: 2F 2-2: Ball 3-2: Base on Balls Juan Samuel to second
|
Batting: RHB Steve Balboni
|
0-0: Foul Ball, location: 2F 0-1: Fielders Choice at 2nd, 6-4 (Groundball, 6, EV 83.8 MPH) Juan Samuel to third
|
Batting: RHB Rich Dauer
|
0-0: Ball 1-0: Called Strike 1-1: Called Strike 1-2: Foul Ball, location: 2F 1-2: Foul Ball, location: 2F 1-2: Ball 2-2: SINGLE (Line Drive, 78S, EV 98.1 MPH) Juan Samuel scores Steve Balboni to second
|
Batting: LHB Jody Helser
|
0-0: Called Strike 0-1: Ball 1-1: TRIPLE (Flyball, 9LD, EV 92.5 MPH) Steve Balboni scores Rich Dauer scores
|
Batting: RHB Joe Charboneau
|
0-0: Ball 1-0: Foul Ball, location: 2F 1-1: Ball 2-1: Foul Ball, location: 2F 2-2: Foul Ball, location: 2F 2-2: Ball 3-2: Fly out, F3 (Popup, 34S, EV 75.6 MPH)
|
Bottom of the 1st over - 3 runs, 3 hits, 0 errors, 1 left on base; Baltimore 0 - Texas 3 |
TOP OF THE 2ND |
Baltimore Orioles batting - Pitching for Texas Rangers : RHP Pascual Perez
|
Batting: RHB Dwight Evans
|
0-0: Called Strike 0-1: Foul Ball, location: 2F 0-2: SINGLE (Groundball, 34D, EV 107.5 MPH)
|
Batting: LHB Chris Chambliss
|
0-0: Called Strike 0-1: Ball 1-1: Called Strike 1-2: Strikes out swinging
|
Batting: SHB Steve R Ontiveros
|
0-0: SINGLE (Line Drive, 6M, EV 105.0 MPH) Dwight Evans to second Runner from 2nd tries for 3rd, SAFE, throw by CF made to third
|
Batting: SHB Mike Hart
|
0-0: Fly out, F8 (Flyball, 8RXD, EV 78.1 MPH) Runner from 3rd tags up, SCORES, no throw by CF
|
Batting: RHB Matt Rice
|
0-0: Fly out, F8 (Flyball, 89M, EV 88.1 MPH)
|
Top of the 2nd over - 1 run, 2 hits, 0 errors, 1 left on base; Baltimore 1 - Texas 3 |
BOTTOM OF THE 2ND |
Texas Rangers batting - Pitching for Baltimore Orioles : LHP Roy Sheldon
|
Batting: LHB Glenn Adams
|
0-0: Fly out, F6 (Popup, 56, EV 75.6 MPH)
|
Batting: RHB Gomez Barahona
|
0-0: Foul Ball, location: 2F 0-1: Foul Ball, location: 2F 0-2: Strikes out looking
|
Batting: RHB George Bjorkman
|
0-0: Called Strike 0-1: Called Strike 0-2: Foul Ball, location: 2F 0-2: Strikes out swinging
|
Bottom of the 2nd over - 0 runs, 0 hits, 0 errors, 0 left on base; Baltimore 1 - Texas 3 |
TOP OF THE 3RD |
Baltimore Orioles batting - Pitching for Texas Rangers : RHP Pascual Perez
|
Batting: RHB Jim Sundberg
|
0-0: Foul Ball, location: 2F 0-1: Ball 1-1: Foul Ball, location: 2F 1-2: Strikes out looking
|
Batting: SHB Willie McGee
|
0-0: Fly out, F8 (Line Drive, 8RD, EV 86.3 MPH)
|
Batting: RHB Ron Cey
|
0-0: Foul Ball, location: 2F 0-1: Swinging Strike 0-2: Hit by Pitch
|
Batting: LHB Fred Lynn
|
0-0: Called Strike 0-1: Foul Ball, location: 2F 0-2: Foul Ball, location: 2F 0-2: Ball 1-2: Ball 2-2: Ball 3-2: Strikes out swinging
|
Top of the 3rd over - 0 runs, 0 hits, 0 errors, 1 left on base; Baltimore 1 - Texas 3 |
BOTTOM OF THE 3RD |
Texas Rangers batting - Pitching for Baltimore Orioles : LHP Roy Sheldon
|
Batting: RHB Juan Samuel
|
0-0: Ball 1-0: Called Strike 1-1: Ball 2-1: Reached on error, E5 (Groundball, 5S, EV 62.5 MPH)
|
Batting: RHB Bill Melton
|
0-0: Hit by Pitch Juan Samuel to second
|
Batting: RHB Steve Balboni
|
0-0: Ball 1-0: Swinging Strike 1-1: Called Strike 1-2: Ball 2-2: Foul Ball, location: 2F 2-2: Strikes out looking
|
Batting: RHB Rich Dauer
|
0-0: Ball 1-0: Ball 2-0: Ball 3-0: Fielders Choice at 2nd, 1-6 (Groundball, 34S, EV 92.5 MPH) Juan Samuel to third
|
Batting: LHB Jody Helser
|
0-0: Ground out 4-3 (Groundball, 4M, EV 106.3 MPH)
|
Bottom of the 3rd over - 0 runs, 0 hits, 1 error, 2 left on base; Baltimore 1 - Texas 3 |
TOP OF THE 4TH |
Baltimore Orioles batting - Pitching for Texas Rangers : RHP Pascual Perez
|
Batting: RHB Dwight Evans
|
0-0: SINGLE (Line Drive, 8RS, EV 90.6 MPH)
|
Batting: LHB Chris Chambliss
|
0-0: Called Strike 0-1: Ball 1-1: Swinging Strike 1-2: Strikes out swinging
|
Batting: SHB Steve R Ontiveros
|
0-0: Ball 1-0: Swinging Strike 1-1: Foul Ball, location: 2F 1-2: Strikes out swinging
|
Batting: SHB Mike Hart
|
0-0: Foul Ball, location: 2F 0-1: Ball 1-1: Called Strike 1-2: Ball 2-2: Foul Ball, location: 2F 2-2: Ball 3-2: DOUBLE (Flyball, 8LXD, EV 95.6 MPH) Dwight Evans to third Dwight Evans scores
|
Batting: RHB Matt Rice
|
0-0: Called Strike 0-1: Called Strike 0-2: Ground out U3 (Groundball, 3, EV 83.1 MPH)
|
Top of the 4th over - 1 run, 2 hits, 0 errors, 1 left on base; Baltimore 2 - Texas 3 |
BOTTOM OF THE 4TH |
Texas Rangers batting - Pitching for Baltimore Orioles : LHP Roy Sheldon
|
Batting: RHB Joe Charboneau
|
0-0: Fly out, F6 (Popup, 15S, EV 91.9 MPH)
|
Batting: LHB Glenn Adams
|
0-0: Foul Ball, location: 2F 0-1: Ball 1-1: Called Strike 1-2: Ball 2-2: Ball 3-2: Strikes out swinging
|
Batting: RHB Gomez Barahona
|
0-0: Foul Ball, location: 2F 0-1: Ball 1-1: Ball 2-1: Foul Ball, location: 2F 2-2: Foul Ball, location: 2F 2-2: Strikes out swinging
|
Bottom of the 4th over - 0 runs, 0 hits, 0 errors, 0 left on base; Baltimore 2 - Texas 3 |
TOP OF THE 5TH |
Baltimore Orioles batting - Pitching for Texas Rangers : RHP Pascual Perez
|
Batting: RHB Jim Sundberg
|
0-0: Called Strike 0-1: Foul Ball, location: 2F 0-2: Strikes out swinging
|
Batting: SHB Willie McGee
|
0-0: Ball 1-0: Foul Ball, location: 2F 1-1: DOUBLE (Line Drive, 8RXD, EV 105.6 MPH)
|
Batting: RHB Ron Cey
|
0-0: Called Strike 0-1: Ball 1-1: Called Strike 1-2: Foul Ball, location: 2F 1-2: Foul Ball, location: 2F 1-2: Foul Ball, location: 2F 1-2: Ball 2-2: Fly out, F7 (Flyball, 78M, EV 83.1 MPH)
|
Batting: LHB Fred Lynn
|
0-0: TRIPLE (Flyball, 78XD, EV 101.3 MPH) Willie McGee scores
|
Batting: RHB Dwight Evans
|
0-0: Swinging Strike 0-1: Ball 1-1: Called Strike 1-2: Ball 2-2: Foul Ball, location: 2F 2-2: Strikes out swinging
|
Top of the 5th over - 1 run, 2 hits, 0 errors, 1 left on base; Baltimore 3 - Texas 3 |
BOTTOM OF THE 5TH |
Texas Rangers batting - Pitching for Baltimore Orioles : LHP Roy Sheldon
|
Batting: RHB George Bjorkman
|
0-0: Ball 1-0: Foul Ball, location: 2F 1-1: Called Strike 1-2: Foul Ball, location: 2F 1-2: Strikes out swinging
|
Batting: RHB Juan Samuel
|
0-0: Ball 1-0: Ball 2-0: Called Strike 2-1: Ball 3-1: Base on Balls
|
Batting: RHB Bill Melton
|
0-0: Foul Ball, location: 2F 0-1: Fly out, F7 (Flyball, 78S, EV 88.8 MPH)
|
Batting: RHB Steve Balboni
|
0-0: Called Strike 0-1: Swinging Strike 0-2: Ball Wild Pitch! Juan Samuel to second 1-2: Strikes out swinging
|
Bottom of the 5th over - 0 runs, 0 hits, 0 errors, 1 left on base; Baltimore 3 - Texas 3 |
TOP OF THE 6TH |
Baltimore Orioles batting - Pitching for Texas Rangers : RHP Pascual Perez
|
Batting: LHB Chris Chambliss
|
0-0: Ball 1-0: Hit by Pitch
|
Batting: SHB Steve R Ontiveros
|
0-0: Ball 1-0: Foul Ball, location: 2F 1-1: Ball 2-1: Ball 3-1: Base on Balls Chris Chambliss to second
|
Batting: SHB Mike Hart
|
0-0: Called Strike 0-1: Ball 1-1: Ball 2-1: Foul Ball, location: 2F 2-2: Fielders Choice at 2nd, 6-4 (Groundball, 56D, EV 90.6 MPH) Chris Chambliss to third
|
Batting: RHB Matt Rice
|
0-0: Ball 1-0: Fly out, F8 (Line Drive, 8RD, EV 91.3 MPH) Runner from 3rd tags up, SCORES, no throw by CF
|
Batting: RHB Jim Sundberg
|
0-0: Foul Ball, location: 2F 0-1: Foul Ball, location: 2F 0-2: Fielders Choice at 2nd, 5-4 (Groundball, 5, EV 87.5 MPH)
|
Top of the 6th over - 1 run, 0 hits, 0 errors, 1 left on base; Baltimore 4 - Texas 3 |
BOTTOM OF THE 6TH |
Texas Rangers batting - Pitching for Baltimore Orioles : LHP Roy Sheldon
|
Batting: RHB Rich Dauer
|
0-0: Ball 1-0: Fly out, F5 (Line Drive, 5, EV 71.3 MPH)
|
Batting: LHB Jody Helser
|
0-0: Ball 1-0: Ground out U3 (Groundball, 34, EV 85.6 MPH)
|
Batting: RHB Joe Charboneau
|
0-0: Called Strike 0-1: Ground out 6-3 (Groundball, 6, EV 84.4 MPH)
|
Bottom of the 6th over - 0 runs, 0 hits, 0 errors, 0 left on base; Baltimore 4 - Texas 3 |
TOP OF THE 7TH |
Baltimore Orioles batting - Pitching for Texas Rangers : RHP Pascual Perez
|
Batting: SHB Willie McGee
|
0-0: Called Strike 0-1: Ball 1-1: SINGLE (Line Drive, 3D, EV 108.1 MPH)
|
Batting: RHB Ron Cey
|
0-0: Ball 1-0: Ball 2-0: Foul Ball, location: 2F 2-1: Fly out, F7 (Flyball, 78XD, EV 101.3 MPH)
|
Batting: LHB Fred Lynn
|
0-0: Ball 1-0: Ball Willie McGee steals 2nd base 2-0: Called Strike 2-1: Ground out 1-3 (Groundball, 13S, EV 65.0 MPH) Willie McGee to third
|
Batting: RHB Dwight Evans
|
0-0: Ball 1-0: Called Strike 1-1: Ground out 6-3 (Groundball, 56, EV 79.4 MPH)
|
Top of the 7th over - 0 runs, 1 hit, 0 errors, 1 left on base; Baltimore 4 - Texas 3 |
BOTTOM OF THE 7TH |
Texas Rangers batting - Pitching for Baltimore Orioles : LHP Roy Sheldon
|
Batting: LHB Glenn Adams
|
0-0: Hit by Pitch
|
Batting: RHB Gomez Barahona
|
0-0: Ball 1-0: Foul Ball, location: 2F 1-1: Foul Ball, location: 2F 1-2: Ball 2-2: Foul Ball, location: 2F 2-2: Strikes out swinging
|
Batting: RHB George Bjorkman
|
Pickoff Throw to First - Out! 1-3 0-0: Ball 1-0: Called Strike 1-1: Fly out, F9 (Line Drive, 9D, EV 91.3 MPH)
|
Bottom of the 7th over - 0 runs, 0 hits, 0 errors, 0 left on base; Baltimore 4 - Texas 3 |
TOP OF THE 8TH |
Baltimore Orioles batting - Pitching for Texas Rangers : RHP Pascual Perez
|
Batting: LHB Chris Chambliss
|
0-0: Ball 1-0: Called Strike 1-1: Ball 2-1: Foul Ball, location: 2F 2-2: Foul Ball, location: 2F 2-2: Foul Ball, location: 2F 2-2: Fly out, F9 (Line Drive, 9D, EV 88.8 MPH)
|
Batting: SHB Steve R Ontiveros
|
0-0: Ball 1-0: Called Strike 1-1: Ball 2-1: Ball 3-1: Swinging Strike 3-2: Base on Balls
|
Batting: SHB Mike Hart
|
0-0: Fly out, F8 (Flyball, 8LS, EV 94.4 MPH)
|
Batting: RHB Matt Rice
|
0-0: Called Strike 0-1: Called Strike 0-2: Fly out, F7 (Line Drive, 7, EV 93.1 MPH)
|
Top of the 8th over - 0 runs, 0 hits, 0 errors, 1 left on base; Baltimore 4 - Texas 3 |
BOTTOM OF THE 8TH |
Texas Rangers batting - Pitching for Baltimore Orioles : LHP Roy Sheldon
|
Now at 2B: Garth Iorg
|
|
Batting: RHB Juan Samuel
|
0-0: Called Strike 0-1: SINGLE (Line Drive, 9S, EV 106.9 MPH)
|
Pitching: RHP George Durham
|
|
Batting: RHB Bill Melton
|
0-0: Ball 1-0: Ball 2-0: Called Strike 2-1: Grounds into double play, 6-4-3 (Groundball, 6, EV 90.6 MPH)
|
Batting: RHB Steve Balboni
|
0-0: Swinging Strike 0-1: Ball 1-1: Ground out 6-3 (Groundball, 6, EV 101.3 MPH)
|
Bottom of the 8th over - 0 runs, 1 hit, 0 errors, 0 left on base; Baltimore 4 - Texas 3 |
TOP OF THE 9TH |
Baltimore Orioles batting - Pitching for Texas Rangers : RHP Pascual Perez
|
Batting: RHB Jim Sundberg
|
0-0: Called Strike 0-1: Swinging Strike 0-2: Ground out 5-3 (Groundball, 5, EV 86.9 MPH)
|
Batting: SHB Willie McGee
|
0-0: Called Strike 0-1: Ball 1-1: Ball 2-1: Fly out, F8 (Flyball, 8RXD, EV 100.0 MPH)
|
Batting: RHB Ron Cey
|
0-0: Ball 1-0: Swinging Strike 1-1: Swinging Strike 1-2: Foul Ball, location: 2F 1-2: Fly out, F8 (Flyball, 8LXD, EV 86.9 MPH)
|
Top of the 9th over - 0 runs, 0 hits, 0 errors, 0 left on base; Baltimore 4 - Texas 3 |
BOTTOM OF THE 9TH |
Texas Rangers batting - Pitching for Baltimore Orioles : RHP George Durham
|
Batting: RHB Rich Dauer
|
0-0: Called Strike 0-1: Ground out 6-3 (Groundball, 6, EV 78.8 MPH)
|
Batting: LHB Jody Helser
|
0-0: Ball 1-0: Foul Ball, location: 2F 1-1: Swinging Strike 1-2: Foul Ball, location: 2F 1-2: SINGLE (Groundball, 6S, EV 66.3 MPH) (infield hit)
|
Batting: RHB Joe Charboneau
|
0-0: Foul Ball, location: 2F 0-1: Called Strike 0-2: Foul Ball, location: 2F 0-2: Ball 1-2: Ball 2-2: Ball 3-2: SINGLE (Flyball, 9S, EV 81.9 MPH) Jody Helser to second Runner from 2nd tries for 3rd, SAFE, no throw by RF
|
Batting: LHB Glenn Adams
|
0-0: Grounds into double play, 6-4-3 (Groundball, 6, EV 85.6 MPH)
|
Bottom of the 9th over - 0 runs, 2 hits, 0 errors, 1 left on base; Baltimore 4 - Texas 3 |
|